Zazza, neutral female human Tourist ----------- |.........| ------------- |.......... |`.........`| |.........| #`......`.....| |.<........#########@#######|...----- |.........| #|...| ----------- #|..`. ------.-----.-- #|...| |.............| #|...- |...........(.| #|.... #-..........)%.| #|`... ###|...........?.| #------ # |........>....| ################# --------------- Zazza the Sightseer Experience level: 4 Strength: 12 Dexterity: 12 Constitution: 18 Intelligence: 11 Wisdom: 8 Charisma: 16 Health: 0(42) Energy: 17(17) Def: 2 Gold: 344 Moves: 2149 Dungeon seed: CN9iocY8w43PwZ48 Game ID: Zazza_1563027162 Your Inventory: Coins $ - 344 gold pieces Weapons a - 36 +2 darts (in quiver) r - 3 +0 orcish daggers C - a +0 elven dagger (weapon in hand) Armor e - an uncursed +0 orcish helm (being worn) n - an uncursed +0 pair of speed boots (being worn) z - a blessed +0 elven cloak Comestibles b - 6 uncursed food rations c - 2 uncursed tripe rations g - 2 uncursed lembas wafers K - an uncursed apple Scrolls F - an uncursed scroll of earth G - an uncursed scroll of gold detection I - an uncursed scroll of amnesia Q - a cursed scroll of enchant armor Potions h - 2 uncursed potions of extra healing L - an uncursed potion of booze O - an uncursed potion of levitation P - a cursed potion of speed R - a cursed potion of fruit juice T - an uncursed potion of hallucination Wands H - a blessed wand of locking (0:8) S - a wand of sleep (0:4) Tools k - an uncursed lock pick l - an expensive camera (0:84) m - an uncursed tin opener q - a tinning kit (0:72) w - an uncursed sack J - an uncursed wooden harp M - an uncursed credit card Gems y - an uncursed worthless piece of yellowish brown glass Contents of the sack: 246 gold pieces an uncursed +0 Hawaiian shirt an uncursed potion of water Spells and supernatural/magical abilities: Name Level Category Fail Memory W - pray for help -- divine ? -- Your skills at the end: Fighting Skills Weapon Skills dagger [Basic] dart [Basic] Spellcasting Skills Final Attributes: You were stridently aligned. You were invulnerable. You were very fast. You are dead. Vanquished creatures: a shrieker a kitten a rabid rat a giant bat an acid blob a gas spore a hobbit a hobgoblin 2 giant rats 2 cave spiders 2 red molds 8 garter snakes 2 gnome zombies 3 geckos 5 jackals a fox 2 kobolds 3 goblins 3 lichens 2 kobold zombies 5 newts 48 creatures vanquished. Voluntary challenges: You had been an atheist until turn 2148. You used a wielded weapon 65 times, starting on turn 444. You read items or engraved 1 time, starting on turn 1064. You never genocided any monsters. You never polymorphed an object. You never changed form. You used no wishes. You never split a pudding. You never wrote Elbereth's name. You violated your moral code, losing 20 points of alignment, starting on turn 1857. Dungeon overview: The Dungeons of Doom: levels 1 to 7 Level 1 some fountains a long staircase Level 2 Level 3 (gold) a jewelry store a long staircase Level 4 (gold) Level 5 some fountains Level 6 <- You were here Level 7 History has recorded: On T:1 you entered the Dungeons of Doom to retrieve the Amulet of Yendor! On T:439 you reached level 2 of The Dungeons of Doom. On T:526 you advanced to experience level 2. On T:783 you reached level 3 of The Dungeons of Doom. On T:1099 you advanced to experience level 3. On T:1400 you reached level 4 of The Dungeons of Doom. On T:1671 you reached level 5 of The Dungeons of Doom. On T:1674 you reached level 7 of The Dungeons of Doom. On T:1680 you reached level 6 of The Dungeons of Doom. On T:1784 you advanced to experience level 4. Score breakdown: Gold: 266 ( 8254 points) Experience: 4 levels ( 9649 points) Exploration: 7 levels ( 14.58%) (10718 points) Discoveries: 1 item ( 0.34%) ( 1737 points) Valuables value: (no points given unless you survive) Artifact value: 0 ( 0 points) Variety of kills: 21 monsters ( 5.51%) ( 7043 points) Turncount: 2149 turns ( -107 points) Survival: died (score multiplied by 80%) Total score: 29835 Latest messages: You see here a garter snake corpse. My, that was a yummy slime mold! You finish eating the slime mold. With great effort you move the boulder. The door opens. You hear a nearby zap. The wand hits you! You hear a nearby zap. The wand hits you! You hear a nearby zap. The wand hits you! You hear the howling of the CwnAnnwn... You begin praying to The Lady. You are surrounded by a shimmering light. You hear a nearby zap. The wand hits you! You die... Final status: Aloha Zazza the Tourist, killed by a wand, while praying... You died in The Dungeons of Doom on dungeon level 6 with 29835 points, and 590 pieces of gold, after 2149 moves. You were level 4 with a maximum of 42 hit points when you died.